AoeStats
← HD_Daniel

African Clearing

505770890Analyzed
4v4 RM · 21d ago on Sep 11, 2026· 47m 12s· 8 players
Game mode
Random Map
Map size
Large (8 player)
Population
200
Speed
Normal
Resources
Standard
Victory
Conquest
Starting age
Dark Age
Ending age
Imperial Age
RankedLock teamsTeams togetherTeam positionsShared explorationLock speedFull tech treeHidden civsTurbo modeCheats
Victory
Defeat
🇲🇽 Spanish · Mexico
1420
+16
🇺🇸 Turks · United States
1395
+17
🇻🇳 Huns · Vietnam
1385
+18
🇦🇷 Magyars · Argentina
1356
+19
🇲🇽 Magyars · Mexico
1453
-18
🇲🇽 Sicilians · Mexico
1432
-18
🇲🇽 Malians · Mexico
1428
-18
🇲🇽 Vietnamese · Mexico
1382
-16
MEX_Angel_Tj
3:44 Loom
14:25 Feudal Age
19:47 Castle Age
19:59 Horse Collar
28:56 Padded Archer Armor
29:45 Double-Bit Axe
31:55 Husbandry
39:20 Leather Archer Armor
40:07 Heavy Plow
43:05 Town Watch
43:58 Wheelbarrow
45:20 Gold Mining
45:47 Hand Cart
46:18 Bloodlines
Curly
13:35 Feudal Age
13:28 Loom
18:19 Castle Age
16:51 Double-Bit Axe
18:04 Horse Collar
29:25 Wheelbarrow
29:09 Gold Mining
33:47 Hand Cart
33:50 Heavy Plow
37:37 Imperial Age
37:19 Gold Shaft Mining
36:58 Padded Archer Armor
37:38 Elite Janissary
38:51 Leather Archer Armor
40:09 Ring Archer Armor
41:32 Fletching
42:14 Bodkin Arrow
43:24 Artillery
44:18 Bow Saw
HuynhSon
4:34 Loom
14:02 Feudal Age
18:26 Castle Age
16:55 Double-Bit Axe
19:37 Bow Saw
23:56 Horse Collar
27:21 Gold Mining
32:25 Imperial Age
30:46 Wheelbarrow
30:14 Marauders
30:45 Bloodlines
30:35 Husbandry
31:18 Scale Barding Armor
32:53 Chain Barding Armor
32:28 Elite Tarkan
33:25 Forging
34:18 Plate Barding Armor
35:33 Iron Casting
36:09 Heavy Plow
38:11 Blast Furnace
38:43 Fletching
39:55 Chemistry
39:32 Parthian Tactics
40:00 Padded Archer Armor
40:17 Bodkin Arrow
41:07 Gold Shaft Mining
41:33 Heavy Cavalry Archer
42:32 Hand Cart
43:49 Ballistics
43:31 Bracer
43:38 Stone Mining
44:05 Leather Archer Armor
47:56 Masonry
felixaleman1010
14:38 Feudal Age
14:21 Loom
15:42 Double-Bit Axe
17:16 Town Watch
20:52 Castle Age
19:49 Scale Barding Armor
20:50 Bloodlines
21:48 Light Cavalry
23:12 Husbandry
32:23 Corvinian Army
33:32 Wheelbarrow
34:39 Chain Barding Armor
41:13 Imperial Age
41:47 Hand Cart
41:42 Elite Magyar Huszar
42:43 Conscription
42:44 Town Patrol
44:11 Plate Barding Armor
44:19 Town Patrol
44:07 Horse Collar
44:38 Bow Saw
chentever.twitch
6:49 Loom
14:17 Feudal Age
18:30 Castle Age
16:55 Double-Bit Axe
19:56 Fletching
20:06 Padded Archer Armor
29:51 Horse Collar
30:25 Town Watch
32:57 Ballistics
33:38 Heavy Plow
35:08 Bodkin Arrow
35:20 Pikeman
36:42 Squires
36:28 Arson
39:44 Murder Holes
42:43 Imperial Age
42:21 Wheelbarrow
41:46 Gold Mining
41:47 Stone Mining
42:09 Bow Saw
42:59 Leather Archer Armor
42:44 Scale Mail Armor
42:55 Forging
42:50 Halberdier
46:17 Paper Money
GEN0S
4:32 Loom
12:42 Feudal Age
13:41 Double-Bit Axe
19:14 Bloodlines
20:11 Scale Barding Armor
23:09 Wheelbarrow
24:13 Horse Collar
27:35 Castle Age
30:16 Town Watch
32:31 Chain Barding Armor
32:56 Gold Mining
34:13 Fletching
37:39 Bodkin Arrow
43:38 Padded Archer Armor
44:36 Elite Skirmisher
HD_Daniel
6:52 Loom
11:00 Loom
13:01 Feudal Age
17:12 Castle Age
15:00 Double-Bit Axe
15:03 Horse Collar
23:05 Bow Saw
27:12 Padded Archer Armor
32:55 Imperial Age
31:04 Scale Barding Armor
31:47 Wheelbarrow
31:19 Gold Mining
32:13 Chain Barding Armor
32:34 Bloodlines
32:24 Husbandry
32:50 Forging
33:14 Cavalier
34:35 Conscription
35:56 Farimba
37:43 Iron Casting
36:57 Heavy Camel Rider
38:02 Fletching
40:52 Plate Barding Armor
41:21 Light Cavalry
44:56 Bodkin Arrow
Koatlistak
4:23 Loom
13:32 Feudal Age
14:03 Double-Bit Axe
17:49 Wheelbarrow
23:28 Castle Age
21:46 Town Watch
22:17 Horse Collar
23:02 Stone Mining
23:42 Fletching
28:57 Padded Archer Armor
30:07 Leather Archer Armor
32:07 Elite Skirmisher
33:43 Bodkin Arrow
36:11 Bow Saw
36:46 Hand Cart
36:25 Pikeman
37:22 Squires
38:13 Scale Mail Armor
38:24 Forging
39:17 Chain Mail Armor
40:25 Iron Casting
42:12 Arson
46:37 Imperial Age
45:34 First Crusade
45:23 Gambesons
46:56 Elite Serjeant
47:57 Conscription
Connection lost

Rejoining the realm…

Still unreachable

The connection could not be restored.

Session expired

The server has moved on; the page needs a fresh start.